 Dungeon Crawl Stone Soup version 0.25.1-2-g60ff931df9 (webtiles) character file.

Game seed: 13035140330699913529

2667 lorenzova the Thaumaturge (level 9, -6/45 HPs)
             Began as a Deep Elf Conjurer on Sept 15, 2020.
             Was a Follower of Sif Muna.
             Mangled by a hornet (15 damage)
             ... while paralysed by a hornet
             ... on level 8 of the Dungeon.
             The game lasted 00:14:13 (8718 turns).

lorenzova the Thaumaturge (Deep Elf Conjurer)       Turns: 8718, Time: 00:14:13

Health: -6/45      AC:  4    Str:  5    XL:     9   Next: 37%
Magic:  22/25      EV:  2    Int: 24    God:    Sif Muna [*.....]
Gold:   383        SH:  0    Dex: 15    Spells: 18/29 levels left

rFire    + . .     SeeInvis .   o - +0 dagger
rCold    x . .     Gourm    .   (no shield)
rNeg     . . .     Faith    .   m - +2 robe {Archmagi}
rPois    .         Spirit   .   (no helmet)
rElec    .         Reflect  .   (no cloak)
rCorr    .         Harm     .   (no gloves)
MR       .....                  (no boots)
Stlth    ++........             (no amulet)
HPRegen  0.15/turn              u - ring of fire
MPRegen  0.19/turn              (no ring)

@: paralysed, lethally poisoned (-6 -> -13), slowed
A: no striking features
a: Channel Magic, Renounce Religion


You were on level 8 of the Dungeon.
You worshipped Sif Muna.
Sif Muna was aware of your devotion.
You were not hungry.

You visited 2 branches of the dungeon, and saw 9 of its levels.

You collected 383 gold pieces.

Inventory:

Hand Weapons
 o - a +0 dagger (weapon)
Armour
 a - a +1 robe
 m - a +2 robe of the Archmagi (worn)
Magical Staves
 B - an uncursed staff of death
Jewellery
 u - a ring of fire (left hand)
Scrolls
 d - a scroll of noise {unknown}
 e - 2 scrolls of magic mapping {unknown}
 f - 2 scrolls of identify
 g - 3 scrolls of fear
 h - a scroll of immolation {unknown}
 p - 3 scrolls of fog {unknown}
 q - 2 scrolls of blinking
 r - 3 scrolls of enchant armour
 s - a scroll of teleportation {unknown}
 t - a scroll of amnesia
 y - a scroll of acquirement {unknown}
 z - a scroll of holy word {unknown}
 A - a scroll of vulnerability {unknown}
Potions
 b - 3 potions of stabbing
 i - a potion of might
 j - 2 potions of mutation
 k - 3 potions of curing {unknown}
 l - a potion of berserk rage {unknown}
 n - a potion of invisibility {unknown}
 v - 2 potions of lignification {unknown}
 x - a potion of haste {unknown}
Comestibles
 c - 12 rations


   Skills:
 - Level 2.4 Dodging
 - Level 2.4 Stealth
 * Level 10.7 Spellcasting
 * Level 9.9 Conjurations
 + Level 5.3 Hexes
 + Level 4.3 Translocations
 + Level 0.0 Invocations


You had 18 spell levels left.
You knew the following spells:

 Your Spells              Type           Power        Failure   Level  Hunger
a - Magic Dart            Conj           ####         1%          1    None
b - Iskenderun's Mystic   Conj/Tloc      ######..     2%          4    None
c - Fulminant Prism       Conj/Hex       ######....   2%          4    None
z - Searing Ray           Conj           ######       1%          2    None

Your spell library contained the following spells:

 Spells                   Type           Power        Failure   Level  Hunger
 Dazzling Flash           Conj/Hex       ######       1%          3    None


Dungeon Overview and Level Annotations

Branches:
Dungeon (8/15)             Temple (1/1) D:6
   Lair: D:8-11

Altars:
Ashenzari
Cheibriados
Dithmenos
Elyvilon
Fedhas
Gozag
Hepliaklqana
Kikubaaqudgha
Makhleb
Nemelex Xobeh
Okawaru
Qazlal
Ru
Sif Muna
Trog
Uskayaw
Vehumet
Wu Jian
Xom
Yredelemnul
Zin
The Shining One

Annotations:
D:7 2 runed translucent doors, IHuginn's ghost, novice FoFi


Message History

The hornet buzzes angrily. (Press . to maintain the ray.)
The searing ray hits the worm!
You kill the worm!
Sif Muna accepts your kill.
The searing ray hits the hornet!
The hornet is heavily wounded.
You hear an angry buzzing noise.
The searing ray misses the hornet.
The hornet stings you!
You suddenly lose the ability to move!
The hornet stings you.
You feel yourself slow down.
You hear an angry buzzing noise.
The hornet stings you!
You feel as though you will be slow longer.
The hornet stings you!
* * * LOW HITPOINT WARNING * * *
You are poisoned.
You feel as though you will be slow longer.
The hornet stings you!
You die...

##### ### #.#.###.#
#### ### #.#......
#?#.# #.# #......<#
#.#.##.#####.#.#...#
#y#....[....#.#.#.#
#@##.#######.#.#.#
####.# #.#.#.# ###
#.#.#.# #.#.#.#
#.#..<# #.###


You could see a hornet.

Vanquished Creatures
  Pikel (D:6)
  Prince Ribbit (D:5)
  Sigmund (D:6)
  A hungry ghost (D:7)
  An orc warrior (D:7)
  2 ice beasts
  3 slaves (D:6)
  A hornet zombie (D:7)
  A sky beast (D:5)
  2 phantoms (D:4)
  An ogre (D:7)
  2 scorpions
  A wyvern skeleton (D:6)
  4 crimson imps
  2 orc priests
  A centaur skeleton (D:6)
  A gnoll shaman (D:4)
  8 worker ants
  2 orc wizards
  2 hound zombies
  A hound skeleton (D:4)
  7 gnolls (D:4)
  10 adders
  2 adder skeletons
  3 worms
  3 dart slugs
  3 leopard geckos
  40 orcs
  7 giant cockroaches
  4 goblins
  7 hobgoblins
  10 jackals
  9 kobolds
  A quokka (D:6)
  2 ball pythons (D:2)
  6 bats
  3 frilled lizards
  3 leopard gecko skeletons (D:4)
  6 rats
165 creatures vanquished.

Notes
Turn   | Place    | Note
-------+----------+-------------------------------------------
     0 | D:1      | lorenzova the Deep Elf Conjurer began the quest for the
                  | Orb.
     0 | D:1      | Reached XP level 1. HP: 10/10 MP: 6/6
   349 | D:1      | Reached XP level 2. HP: 15/15 MP: 5/8
   353 | D:1      | Learned a level 2 spell: Searing Ray
   851 | D:2      | Reached skill level 4 in Spellcasting
   895 | D:2      | Reached skill level 5 in Conjurations
   895 | D:2      | Reached XP level 3. HP: 19/19 MP: 0/10
  2249 | D:2      | Found a faded altar of an unknown god.
  2368 | D:3      | Reached XP level 4. HP: 18/24 MP: 3/12
  2703 | D:3      | Found a snail-covered altar of Cheibriados.
  3064 | D:3      | Reached skill level 5 in Spellcasting
  3951 | D:4      | Reached XP level 5. HP: 28/28 MP: 11/14
  4218 | D:4      | Reached skill level 6 in Spellcasting
  4282 | D:4      | Noticed a phantom
  4288 | D:4      | Killed a phantom
  4288 | D:4      | Reached XP level 6. HP: 32/32 MP: 9/17
  4342 | D:4      | Learned a level 4 spell: Iskenderun's Mystic Blast
  4347 | D:4      | Learned a level 4 spell: Fulminant Prism
  4606 | D:4      | Reached skill level 7 in Spellcasting
  4789 | D:4      | Reached XP level 7. HP: 36/36 MP: 6/20
  5210 | D:5      | Entered Level 5 of the Dungeon
  5277 | D:5      | Noticed Prince Ribbit
  5292 | D:5      | Killed Prince Ribbit
  5292 | D:5      | Reached skill level 8 in Spellcasting
  5292 | D:5      | Reached skill level 1 in Hexes
  5292 | D:5      | Reached skill level 1 in Translocations
  5740 | D:5      | Reached XP level 8. HP: 41/41 MP: 19/22
  6261 | D:6      | Found a staircase to the Ecumenical Temple.
  6276 | Temple   | Entered the Ecumenical Temple
  6400 | Temple   | Became a worshipper of Sif Muna the Loreminder
  6422 | D:6      | Noticed Sigmund
  6443 | D:6      | Reached skill level 9 in Spellcasting
  6718 | D:6      | Killed Sigmund
  6818 | D:6      | Found a shattered altar of Ashenzari.
  7159 | D:6      | Noticed Pikel
  7169 | D:6      | Killed Pikel
  7169 | D:6      | Reached skill level 10 in Spellcasting
  7169 | D:6      | Reached XP level 9. HP: 37/45 MP: 13/25
  7564 | D:7      | Found a large runed translucent door.
  7564 | D:7      | Found a large runed translucent door.
  8101 | D:7      | Noticed IHuginn's ghost (novice FoFi)
  8214 | D:7      | Reached * piety under Sif Muna
  8214 | D:7      | Reached skill level 5 in Hexes
  8716 | D:8      | Paralysed by a hornet for 3 turns
  8718 | D:8      | Mangled by a hornet

Illustrated notes

Levels and vault maps discovered:
D:1:      sevenhm_arrival_forest_fort_large_2, layout_basic, minmay_vboxes
D:2:      layout_basic, first_ration, chequers_ecumenical_altar_lobes
D:3:      layout_basic, cheibriados_altar_1
D:4:      layout_basic, serial_glass, glass_columns_a, glass_columns_c
D:5:      layout_basic, uniq_prince_ribbit1
D:6:      layout_basic, ashenzari_conservatory_becter,
          minmay_temple_entry_water_ring, chequers_serial_rivers_small_3,
          minmay_misc_feat_rows, uniq_sigmund, uniq_pikel
D:7:      layout_basic, ebering_ghost_disaster_area, mrwooster_statue_mirror
D:8:      layout_basic, ebering_ghost_reflecting_pool, serial_shops, shop,
          hangedman_pestilent_swarm, fedhas_altar_3
Temple:   regret_index_temple_chain_breaker

Skill      XL: |  1  2  3  4  5  6  7  8  9 |
---------------+----------------------------+-----
Spellcasting   | 4 5 6 7 8 10 | 10.7
Conjurations   | 5 6 7 8 9 |  9.9
Hexes          | 2 4 5 |  5.3
Translocations | 2 3 4 |  4.3
Dodging        | |  2.4
Stealth        | |  2.4

Action                   |  1- 3 |  4- 6 |  7- 9 || total
-------------------------+-------+-------+-------++-------
Melee: Unarmed           |     1 |       |       ||     1
 Cast: Magic Dart        |    84 |   130 |    86 ||   300
       Searing Ray       |     2 |    12 |    35 ||    49
  Use: Scroll            |     1 |     5 |     3 ||     9
  Eat: Chunk             |     4 |     7 |     9 ||    20
       Ration            |       |       |     1 ||     1
Armor: Robe              |     2 |     5 |     7 ||    14
Dodge: Dodged            |    13 |     8 |    32 ||    53
